AoeStats
← Kshulo

Nomad

510433256Analyzed
4v4 RM · 1d ago on Oct 1, 2026· 49m 21s· 8 players
Game mode
Random Map
Map size
231×231
Population
200
Speed
Normal
Resources
Standard
Victory
Conquest
Starting age
Dark Age
Ending age
Imperial Age
RankedLock teamsTeams togetherTeam positionsShared explorationLock speedFull tech treeHidden civsTurbo modeCheats
Victory
Defeat
🇦🇷 Khitans · Argentina
1337
+14
🇦🇷 Vietnamese · Argentina
1281
+16
🇲🇽 Varangians · Mexico
1244
+17
🇲🇽 Lithuanians · Mexico
1228
+18
🇨🇱 Saracens · Chile
1310
-18
🇺🇾 Bohemians · Uruguay
1306
-17
🇨🇱 Lithuanians · Chile
1293
-17
🇨🇱 Italians · Chile
1208
-13
Valenp34
9:05 Loom
12:14 Feudal Age
12:47 Double-Bit Axe
22:45 Castle Age
21:31 Fletching
21:48 Padded Archer Armor
23:26 Husbandry
23:19 Heavy Cavalry Archer
27:20 Bodkin Arrow
31:00 Domestication
34:06 Leather Archer Armor
34:25 Thumb Ring
44:11 Ballistics
48:37 Imperial Age
47:30 Scale Mail Armor
49:06 Forging
49:45 Conscription
ReaperAOE2
5:56 Loom
12:24 Feudal Age
16:57 Castle Age
17:53 Fletching
26:57 Double-Bit Axe
31:28 Wheelbarrow
33:08 Hand Cart
34:47 Ballistics
36:54 Bow Saw
36:34 Fishing Lines
37:28 Padded Archer Armor
37:48 Horse Collar
38:27 Town Watch
42:39 Imperial Age
40:09 Gillnets
41:03 Heavy Plow
41:26 Gold Mining
43:07 Leather Archer Armor
42:57 Bodkin Arrow
45:07 Ring Archer Armor
45:10 Bracer
46:28 Chemistry
45:57 Stone Mining
46:59 Paper Money
47:57 Elite Skirmisher
zaackvader10
4:53 Loom
14:05 Feudal Age
14:34 Double-Bit Axe
16:46 Bloodlines
25:27 Castle Age
24:30 Forging
24:26 Scale Barding Armor
25:50 Horse Collar
26:55 Iron Casting
25:43 Light Cavalry
26:26 Husbandry
31:35 Wheelbarrow
31:23 Chain Barding Armor
38:39 Hand Cart
39:10 Town Watch
42:32 Imperial Age
39:56 Fishing Lines
40:32 Fletching
41:16 Bodkin Arrow
41:22 Padded Archer Armor
42:18 Gold Mining
42:54 Town Patrol
42:48 Cavalier
42:52 Hussar
44:19 Conscription
44:24 Vendel Legacy
45:31 Heavy Plow
49:10 Bracer
49:25 Leather Archer Armor
49:34 Ballistics
50:14 Chemistry
SMNT - SOLIDSNAKEIS
6:28 Loom
13:24 Feudal Age
15:45 Wheelbarrow
18:33 Castle Age
17:09 Double-Bit Axe
17:05 Horse Collar
18:57 Bloodlines
24:58 Pikeman
26:29 Squires
27:00 Scale Mail Armor
27:11 Forging
31:04 Gold Mining
39:17 Hill Forts
39:21 Fletching
40:01 Bodkin Arrow
39:41 Light Cavalry
40:23 Husbandry
43:22 Bow Saw
47:34 Fishing Lines
48:15 Scale Barding Armor
49:30 Gillnets
PMA
5:37 Loom
13:43 Feudal Age
14:22 Loom
18:02 Castle Age
17:42 Fletching
29:02 Horse Collar
31:08 Bodkin Arrow
35:03 Chemistry
36:38 Heavy Plow
43:44 Imperial Age
44:08 Ballistics
Daiki
5:31 Loom
14:56 Feudal Age
19:27 Castle Age
19:53 Fletching
22:28 Bodkin Arrow
24:43 Padded Archer Armor
27:49 Wheelbarrow
27:18 Double-Bit Axe
28:28 Leather Archer Armor
30:45 Thumb Ring
31:43 Ballistics
34:59 Imperial Age
35:08 Elite Genoese Crossbowman
36:09 Conscription
36:05 Bracer
37:28 Hand Cart
37:50 Ring Archer Armor
41:52 Chemistry
FatX
4:03 Loom
4:46 Loom
13:45 Feudal Age
17:16 Castle Age
16:04 Double-Bit Axe
16:58 Stone Mining
17:25 Town Watch
19:52 Bow Saw
24:34 Scale Barding Armor
24:44 Forging
31:36 Imperial Age
30:46 Ballistics
31:41 Chain Barding Armor
34:12 Plate Barding Armor
34:12 Iron Casting
41:17 Husbandry
41:19 Cavalier
43:17 Bloodlines
49:04 Two-Man Saw
Kshulo
4:42 Loom
12:27 Feudal Age
15:20 Double-Bit Axe
18:10 Fletching
26:40 Castle Age
37:33 Horse Collar
43:07 Bow Saw
44:03 Heavy Plow
47:31 Wheelbarrow
47:31 Stone Mining
Connection lost

Rejoining the realm…

Still unreachable

The connection could not be restored.

Session expired

The server has moved on; the page needs a fresh start.